 Dungeon Crawl Stone Soup version 0.25-a0-697-g890751e (webtiles) character file.

Game seed: 3676884172769175513, levelgen mode: deterministic

11234 Faca the Fighter (level 12, -10/102 HPs)
             Began as a Human Fighter on Apr 1, 2020.
             Was a High Priest of Okawaru.
             Mangled by an orc warrior
             ... wielding a +0 scimitar
              (17 damage)
             ... on level 9 of the Dungeon.
             The game lasted 00:26:39 (15761 turns).

Faca the Fighter (Human Fighter)                   Turns: 15761, Time: 00:26:40

Health: -10/102    AC: 11    Str: 26    XL:     12   Next: 5%
Magic:  12/12      EV:  6    Int:  9    God:    Okawaru [*****.]
Gold:   531        SH:  0    Dex: 13    Spells: 11/11 levels left

rFire    . . .     SeeInvis .   a - +1 flail
rCold    + + .     Gourm    .   c - +0 kite shield
rNeg     . . .     Faith    .   y - +1 chain mail {rC+}
rPois    .         Spirit   .   (no helmet)
rElec    .         Reflect  .   (no cloak)
rCorr    .         Harm     .   k - +0 pair of gloves
MR       .....                  (no boots)
Stlth    ..........             (no amulet)
HPRegen  0.27/turn              o - +5 ring of strength
MPRegen  0.13/turn              q - ring of protection from cold

@: confused, heavily drained
A: no striking features
a: Heroism, Finesse, Renounce Religion


You were on level 9 of the Dungeon.
You worshipped Okawaru.
Okawaru was extremely pleased with you.
You were very hungry.

You visited 2 branches of the dungeon, and saw 11 of its levels.

You collected 531 gold pieces.

Inventory:

Hand Weapons
 a - a +1 flail (weapon)
 l - a +0 morningstar
 s - a +0 hand axe of flaming
Armour
 c - a +0 kite shield (worn)
 k - a +0 pair of gloves (worn)
 y - a +1 chain mail of cold resistance (worn)
Jewellery
 d - an uncursed ring of fire
 o - a +5 ring of strength (left hand)
 q - a ring of protection from cold (right hand)
Wands
 p - a wand of digging (6)
 r - a wand of paralysis (8)
 v - a wand of random effects (6)
 w - a wand of iceblast (3)
Scrolls
 b - a scroll of blinking
 g - a scroll of remove curse
 m - 2 scrolls of teleportation
 x - a scroll of summoning
Potions
 i - 3 potions of lignification
 j - a potion of mutation
 n - a potion of invisibility
 t - a potion of cancellation
 u - a potion of flight
Comestibles
 f - 11 rations


   Skills:
 + Level 12.1(9.4) Fighting
 + Level 12.0(9.3) Maces & Flails
 + Level 5.7(3.4) Armour
 + Level 5.7(3.4) Shields


You had 11 spell levels left.
You didn't know any spells.
Your spell library contained the following spells:

 Spells                   Type           Power        Failure   Level  Hunger
 Freeze                   Ice            #...         100%        1    ##.....
 Frozen Ramparts          Ice            #.....       100%        3    ####...
 Ozocubu's Armour         Chrm/Ice       #.......     100%        3    ####...
 Hailstorm                Conj/Ice       #.......     100%        4    #####..
 Summon Ice Beast         Ice/Summ       #.......     100%        4    #####..


Dungeon Overview and Level Annotations

Branches:
Dungeon (10/15)            Temple (1/1) D:7            Lair (0/6) D:8
    Orc: D:9-12

Altars:
Ashenzari
Cheibriados
Dithmenos
Elyvilon
Fedhas
Gozag
Hepliaklqana
Kikubaaqudgha
Makhleb
Nemelex Xobeh
Okawaru
Qazlal
Ru
Sif Muna
Trog
Uskayaw
Vehumet
Wu Jian
Xom
Yredelemnul
Zin
The Shining One
Jiyva

Annotations:
D:8 1 runed translucent door, BlueFish's ghost, novice OpAs


Message History

You closely miss the wight.
The wight is almost destroyed.
You block the wight's attack. You block the orc warrior's attack.
Something hits you.
You bludgeon the wight!!
You destroy the wight!
Okawaru accepts your kill.
You hear some strange, mumbled words.
You are confused.
The orc warrior hits you with a +0 scimitar!
* * * LOW HITPOINT WARNING * * *
Okay, then.
You closely miss something. Something hits you but does no damage.
Something hits you but does no damage.
The orc warrior hits you with a +0 scimitar!
* * * LOW HITPOINT WARNING * * *
Something hits you but does no damage.
You're too confused to move!
The orc warrior hits you with a +0 scimitar!
You die...

#.......##..###.....##...........
###...###..##†##...##............
.###'###..#†...######............
.........###._.#####.............
'##8.8##'###...##................
..##'##...###.###..........##''#.
...#.#.._..#####........####.....
..##.##...###...........#........
###}))######...o@.....^.#......._
#########.......).......#........
.......(................#....)...
#####...................####'####
# #..........####+###....))[... #
#..........'......#.......... #
#..........#......#.......... #
#..........#......#.......... #
#........(.#......#......(...


You could see an orc warrior.

Vanquished Creatures
  Harold (D:8)
  A flayed ghost (D:9)
  Psyche (D:8)
  7 hippogriffs
  Sigmund (D:4)
  A shadow (D:9)
  4 wraiths (D:9)
  3 yaks (D:9)
  10 fire bats (D:9)
  A hungry ghost (D:9)
  Menkaure (D:4)
  3 porcupines (D:8)
  4 orc warriors
  A sky beast (D:8)
  4 ice beasts
  A necrophage (D:9)
  A phantom (D:5)
  4 ogres
  7 centaurs
  2 big kobolds
  A crocodile (D:8)
  5 bullfrogs
  3 scorpions
  12 killer bees
  8 wights
  2 howler monkeys (D:7)
  2 centaur zombies
  4 crimson imps
  A quasit (D:7)
  A jelly (D:4)
  2 bullfrog zombies (D:6)
  3 hounds
  A bullfrog skeleton (D:6)
  4 orc priests
  2 centaur skeletons
  A gnoll shaman (D:7)
  Jessica (D:2)
  Ijyb (D:4)
  2 iguanas
  6 orc wizards
  7 worker ants
  5 gnolls
  8 adders
  An ooze (D:3)
  An adder skeleton (D:9)
  2 worms (D:4)
  2 dart slugs (D:1)
  3 leopard geckos
  23 orcs
  4 ball pythons
  75 bats
  6 giant cockroaches
  6 goblins
  7 hobgoblins
  11 jackals
  15 kobolds
  8 quokkas
  5 frilled lizards
  A quokka zombie (D:5)
  6 rats
316 creatures vanquished.

Vanquished Creatures (others)
  A quokka (D:4)
  A plant (D:8)
2 creatures vanquished.

Grand Total: 318 creatures vanquished

Notes
Turn   | Place    | Note
-------+----------+-------------------------------------------
     0 | D:1      | Faca the Human Fighter began the quest for the Orb.
     0 | D:1      | Reached XP level 1. HP: 18/18 MP: 1/1
   185 | D:1      | Reached XP level 2. HP: 16/24 MP: 2/2
   437 | D:1      | Reached XP level 3. HP: 29/29 MP: 3/3
  1196 | D:2      | Reached XP level 4. HP: 37/37 MP: 4/4
  1206 | D:2      | Noticed Jessica
  1210 | D:2      | Killed Jessica
  1664 | D:3      | Reached XP level 5. HP: 31/42 MP: 5/5
  1803 | D:3      | Noticed an ogre
  1809 | D:3      | Killed an ogre
  1809 | D:3      | Reached XP level 6. HP: 15/50 MP: 6/6
  2411 | D:4      | Reached skill level 5 in Fighting
  2689 | D:4      | Reached skill level 5 in Maces & Flails
  2742 | D:4      | Reached XP level 7. HP: 57/57 MP: 7/7
  2803 | D:4      | Noticed Menkaure
  3641 | D:4      | Found a white marble altar of Elyvilon,
  3657 | D:4      | Noticed Ijyb
  3675 | D:4      | Killed Ijyb
  3689 | D:4      | Noticed Sigmund
  3705 | D:4      | Killed Sigmund
  3705 | D:4      | Reached XP level 8. HP: 60/65 MP: 8/8
  3807 | D:4      | Killed Menkaure
  3834 | D:4      | Found a glowing golden altar of the Shining One,
  4015 | D:5      | Entered Level 5 of the Dungeon
  4574 | D:5      | Found a radiant altar of Vehumet,
  5069 | D:5      | Found a sacrificial altar of Ru,
  5254 | D:6      | Reached XP level 9. HP: 62/74 MP: 9/9
  5594 | D:6      | Noticed a two-headed ogre
  6582 | D:7      | Found a shattered altar of Ashenzari,
  6592 | D:7      | Found a glowing silver altar of Zin,
  6593 | D:7      | Found an opulent altar of Gozag,
  6614 | D:7      | Found a staircase to the Ecumenical Temple,
  6629 | Temple   | Entered the Ecumenical Temple
  6677 | Temple   | Became a worshipper of Warmaster Okawaru
  6760 | D:7      | Noticed a hippogriff
  6775 | D:7      | Killed a hippogriff
  7307 | D:7      | HP: 2/76 [orc priest/divine providence (11)]
  7855 | D:7      | Noticed a hippogriff
  7870 | D:7      | Killed a hippogriff
  8086 | D:7      | Noticed a hippogriff
  8316 | D:7      | Killed a hippogriff
  8316 | D:7      | Reached * piety under Okawaru
  8316 | D:7      | Reached XP level 10. HP: 30/85 MP: 10/10
  8891 | D:7      | Found a hazy altar of Hepliaklqana,
  9123 | D:7      | Reached skill level 10 in Fighting
  9280 | D:8      | Reached skill level 10 in Maces & Flails
  9323 | D:8      | Reached ** piety under Okawaru
  9755 | D:8      | Noticed Psyche
  9778 | D:8      | Killed Psyche
 10145 | D:8      | Found a runed translucent door,
 10145 | D:8      | Found a shimmering altar of Xom,
 10145 | D:8      | Noticed a +2 trident of chaos
 10145 | D:8      | Noticed BlueFish's ghost (novice OpAs)
 10148 | D:8      | Noticed Harold
 11093 | D:8      | Killed Harold
 11093 | D:8      | Reached *** piety under Okawaru
 11234 | D:8      | Found a shadowy altar of Dithmenos,
 11284 | D:8      | Found a snail-covered altar of Cheibriados,
 11284 | D:8      | Found an ornate altar of the Wu Jian Council,
 11428 | D:8      | Reached XP level 11. HP: 54/93 MP: 11/11
 11784 | D:8      | Found a staircase to the Lair,
 12503 | D:9      | Found a shimmering altar of Xom,
 13113 | D:9      | Reached **** piety under Okawaru
 13176 | D:9      | Found a hide-covered altar of Uskayaw,
 13701 | D:9      | Found a blossoming altar of Fedhas,
 14212 | D:9      | Found a runed translucent door,
 14224 | D:9      | Found a shimmering altar of Xom,
 14257 | D:9      | Noticed a flayed ghost
 14259 | D:9      | Found a bloodstained altar of Trog,
 14593 | D:9      | Reached ***** piety under Okawaru
 14593 | D:9      | Reached skill level 5 in Armour
 14599 | D:9      | Found an iron altar of Okawaru,
 14607 | D:9      | Reached skill level 5 in Shields
 14843 | D:9      | Found a snail-covered altar of Cheibriados,
 14912 | D:9      | Found an opulent altar of Gozag,
 15338 | D:9      | Found a stormy altar of Qazlal,
 15401 | D:9      | Killed a flayed ghost
 15401 | D:9      | Reached XP level 12. HP: 93/102 MP: 10/12
 15406 | D:9      | Got a faintly glowing scimitar
 15407 | D:9      | Identified the cursed +1 scimitar "Killer Klown's Death"
                  | {flame, rC+ Stlth+} (You found it on level 9 of the
                  | Dungeon)
 15626 | D:10     | Entered Level 10 of the Dungeon
 15761 | D:9      | Mangled by an orc warrior

Levels and vault maps discovered:
D:1:      minmay_arrival_plants_in_alcoves, layout_loops_ring
D:2:      layout_loops_ring, uniq_jessica
D:3:      layout_rooms, feat_on_display
D:4:      minmay_chambers_of_fours, layout_rooms, kennysheep_mini_moat,
          elyvilon_altar_4, uniq_sigmund, uniq_ijyb, uniq_menkaure
D:5:      layout_layer_cave, lemuel_coloured_pillars_altar,
          nicolae_ru_the_path_less_chosen, first_ration, kennysheep_path_1
D:6:      layout_cave_pods
D:7:      layout_layer_cave, grunt_temple_overflow_gold_and_silver,
          overflow_temple_1_default, old_standard_altar,
          minmay_temple_entry_glassed_door
D:8:      wander_river, layout_cave_pods, lemuel_crystal_altar,
          gammafunk_temple_overflow_statue, grunt_lair_entry_orc_guard_hut,
          ebering_ghost_xom, uniq_harold, uniq_psyche
D:9:      due_megacathedral, layout_irregular_city, fedhas_altar_2,
          nicolae_overflow_hidden_temple, basic_altar
D:10:     layout_cave_pods
Temple:   pf_slimified_temple

Skill      XL: |  1  2  3  4  5  6  7  8  9 10 11 12 |
---------------+-------------------------------------+-----
Maces & Flails | 3 4 5 6 7 9 11 12 | 12.0
Fighting       | 4 5 6 8 9 11 12 | 12.1
Armour         | 5 |  5.7
Shields        | 5 |  5.7

Action                   |  1- 3 |  4- 6 |  7- 9 | 10-12 || total
-------------------------+-------+-------+-------+-------++-------
Melee: Flail             |   126 |   177 |   344 |   823 ||  1470
Throw: Throwing net      |       |       |     1 |       ||     1
Invok: Heroism           |       |       |       |     5 ||     5
Evoke: Wand              |       |       |       |    13 ||    13
  Use: Scroll            |     3 |     8 |     6 |     8 ||    25
       Potion            |       |       |     2 |     5 ||     7
  Eat: Chunk             |     1 |     5 |    12 |    18 ||    36
       Ration            |       |       |     2 |     2 ||     4
Armor: Scale mail        |    61 |    25 |       |       ||    86
       Chain mail        |       |    65 |   271 |   434 ||   770
Dodge: Dodged            |    21 |    38 |    75 |   208 ||   342
Block: Kite shield       |    78 |    72 |   196 |   498 ||   844

Table legend:
 A = Non-vault XP
 B = Vault XP
 C = Vault XP percentage of total XP
 D = Non-vault monster count
 E = Vault monster count
 F = Vault count percentage of total count
                 A         B        C        D         E       F
            +---------+---------+-------+---------+---------+-------
      Total |   11455 |    4594 |  28.6 |     295 |      21 |   6.6
            +---------+---------+-------+---------+---------+-------
        D:1 |      54 |       0 |   0.0 |      29 |       0 |   0.0
        D:2 |      35 |      37 |  51.4 |      16 |       1 |   5.9
        D:3 |     356 |       0 |   0.0 |      22 |       0 |   0.0
        D:4 |     331 |     631 |  65.6 |      23 |       7 |  23.3
        D:5 |     491 |       0 |   0.0 |      12 |       0 |   0.0
        D:6 |     751 |       0 |   0.0 |      18 |       0 |   0.0
        D:7 |    2125 |       0 |   0.0 |      29 |       0 |   0.0
        D:8 |    1943 |    2104 |  52.0 |      29 |       7 |  19.4
        D:9 |    5079 |    1822 |  26.4 |     111 |       6 |   5.1
       D:10 |     290 |       0 |   0.0 |       6 |       0 |   0.0
            +---------+---------+-------+---------+---------+-------
